[ AOE2 MATCH · #495689150 ]
UnrankedMongols vs Khitans
Player's team · WIN
Rival team · LOSS
[ REPLAY ANALYSIS · EXTRACTED FROM THE RECORDED GAME ]
Feudal
8:06
Castle
18:36
Imperial
38:12
| APM avg | 50.3 |
| APM peak | 77 |
| eAPM avg | 28.6 |
| Villagers / military | 164 / 381 |
Focus
⚔️ 36.5% · 🌾 63.5%
Scout Cavalry ×214 · Cavalry Archer ×144 · Trebuchet (Packed) ×13 · Monk ×5 · Spearman ×3 · Steppe Lancer ×2
Feudal
8:53
Castle
20:34
Imperial
37:49
| APM avg | 37.1 |
| APM peak | 84 |
| eAPM avg | 20.6 |
| Villagers / military | 203 / 229 |
Focus
⚔️ 27.9% · 🌾 72.1%
Scout Cavalry ×96 · Skirmisher ×81 · Cavalry Archer ×34 · Scorpion ×6 · Trebuchet (Packed) ×6 · Battering Ram ×4
Match map
Initial resources + every placement click. Lines = walls · curves = elevation contours. ◆ gold · ⬟ stone · ● berries · ✦ relic · ◌ wall gap
Your base· Open — 8t gap
DK_Exmerior's base· ✓ Closed at 20:34 · 28t walls · 1 gate(s)
Smoothed initial terrain · ◌ = detected wall gap · hover for details
Inputs per minute
— Patching85 - - DK_Exmerior
Build order — Patching85
First 150 of 616 actions detected
| 0:00 | Queue | Villager (Male) |
| 0:01 | Build | House |
| 0:02 | Build | House |
| 0:07 | Queue | Villager (Male) |
| 0:07 | Queue | Villager (Male) |
| 0:08 | Queue | Villager (Male) |
| 1:27 | Queue | Villager (Male) |
| 1:27 | Queue | Villager (Male) |
| 1:54 | Queue | Villager (Male) |
| 1:54 | Queue | Villager (Male) |
| 2:25 | Queue | Villager (Male) |
| 2:35 | Queue | Villager (Male) |
| 2:48 | Queue | Villager (Male) |
| 2:55 | Build | Lumber Camp |
| 3:15 | Queue | Villager (Male) |
| 3:43 | Queue | Villager (Male) |
| 3:50 | Build | House |
| 4:00 | Build | House |
| 4:23 | Queue | Villager (Male) |
| 4:57 | Queue | Villager (Male) |
| 5:04 | Research | Loom |
| 5:19 | Build | Mill |
| 5:56 | Research | Feudal Age |
| 5:56 | Research | Feudal Age |
| 6:59 | Build | Barracks |
| 7:07 | Queue | Villager (Male) |
| 7:18 | Build | House |
| 8:06 | Age | Feudal Age |
| 8:08 | Build | Stable |
| 8:20 | Queue | Villager (Male) |
| 8:27 | Build | Palisade Gate |
| 8:32 | Build | House |
| 8:38 | Research | Double-Bit Axe |
| 8:42 | Queue | Villager (Male) |
| 8:51 | Queue | Scout Cavalry |
| 8:51 | Queue | Scout Cavalry |
| 9:00 | Build | Palisade Wall |
| 9:01 | Queue | Villager (Male) |
| 9:14 | Build | Palisade Wall |
| 9:15 | Build | Palisade Wall |
| 9:19 | Research | Horse Collar |
| 9:26 | Build | Palisade Wall |
| 9:32 | Build | Farm |
| 9:39 | Queue | Villager (Male) |
| 9:52 | Build | House |
| 10:01 | Queue | Villager (Male) |
| 10:12 | Build | House |
| 10:18 | Build | Farm |
| 10:23 | Build | Farm |
| 10:29 | Queue | Villager (Male) |
| 10:39 | Build | House |
| 10:42 | Build | Palisade Wall |
| 10:43 | Build | Palisade Wall |
| 10:51 | Queue | Villager (Male) |
| 11:05 | Build | House |
| 11:06 | Build | Palisade Wall |
| 11:08 | Build | Palisade Wall |
| 11:14 | Queue | Scout Cavalry |
| 11:18 | Build | Farm |
| 11:18 | Queue | Villager (Male) |
| 11:32 | Build | Farm |
| 11:37 | Queue | Villager (Male) |
| 11:55 | Build | Farm |
| 11:59 | Build | Farm |
| 12:04 | Queue | Villager (Male) |
| 12:23 | Queue | Spearman |
| 12:32 | Build | Farm |
| 12:34 | Queue | Villager (Male) |
| 12:43 | Build | Farm |
| 12:45 | Build | House |
| 12:48 | Build | Palisade Wall |
| 12:53 | Queue | Villager (Male) |
| 13:24 | Queue | Villager (Male) |
| 13:37 | Build | Blacksmith |
| 13:40 | Build | House |
| 13:49 | Build | House |
| 13:50 | Queue | Villager (Male) |
| 14:09 | Build | Farm |
| 14:23 | Queue | Villager (Male) |
| 14:35 | Build | Mining Camp |
| 14:37 | Queue | Villager (Male) |
| 14:41 | Build | Palisade Wall |
| 14:57 | Build | Farm |
| 15:08 | Queue | Villager (Male) |
| 15:56 | Research | Castle Age |
| 15:56 | Research | Castle Age |
| 16:27 | Research | Fletching |
| 16:31 | Research | Bloodlines |
| 16:31 | Research | Bloodlines |
| 16:42 | Build | Archery Range |
| 16:54 | Build | Archery Range |
| 17:13 | Research | Fletching |
| 17:31 | Build | Lumber Camp |
| 17:44 | Build | House |
| 17:48 | Research | Padded Archer Armor |
| 17:52 | Queue | Villager (Male) |
| 18:14 | Build | House |
| 18:36 | Age | Castle Age |
| 18:38 | Queue | Cavalry Archer |
| 18:38 | Queue | Cavalry Archer |
| 18:39 | Research | Bodkin Arrow |
| 18:39 | Research | Bodkin Arrow |
| 18:52 | Build | University |
| 18:54 | Queue | Villager (Male) |
| 19:08 | Queue | Cavalry Archer |
| 19:08 | Queue | Cavalry Archer |
| 19:12 | Queue | Villager (Male) |
| 19:27 | Queue | Spearman |
| 19:28 | Queue | Spearman |
| 19:31 | Queue | Villager (Male) |
| 19:32 | Queue | Villager (Male) |
| 19:44 | Queue | Cavalry Archer |
| 19:45 | Queue | Cavalry Archer |
| 19:59 | Queue | Cavalry Archer |
| 19:59 | Queue | Cavalry Archer |
| 20:00 | Queue | Villager (Male) |
| 20:07 | Queue | Cavalry Archer |
| 20:07 | Queue | Cavalry Archer |
| 20:18 | Queue | Villager (Male) |
| 20:19 | Queue | Villager (Male) |
| 20:42 | Research | Ballistics |
| 21:06 | Queue | Cavalry Archer |
| 21:07 | Queue | Cavalry Archer |
| 21:15 | Research | Wheelbarrow |
| 21:22 | Queue | Villager (Male) |
| 21:30 | Queue | Cavalry Archer |
| 21:30 | Queue | Cavalry Archer |
| 21:43 | Queue | Cavalry Archer |
| 21:43 | Queue | Cavalry Archer |
| 21:59 | Build | Town Center |
| 22:02 | Queue | Cavalry Archer |
| 22:02 | Queue | Cavalry Archer |
| 22:07 | Research | Bow Saw |
| 22:07 | Research | Bow Saw |
| 22:20 | Build | House |
| 22:21 | Build | House |
| 22:27 | Queue | Cavalry Archer |
| 22:27 | Queue | Cavalry Archer |
| 22:29 | Queue | Villager (Male) |
| 22:45 | Queue | Cavalry Archer |
| 22:46 | Queue | Cavalry Archer |
| 23:11 | Queue | Cavalry Archer |
| 23:14 | Research | Husbandry |
| 23:14 | Research | Husbandry |
| 23:22 | Build | Archery Range |
| 23:27 | Build | House |
| 23:32 | Queue | Villager (Male) |
| 23:32 | Queue | Villager (Male) |
| 23:36 | Queue | Cavalry Archer |
| 23:37 | Queue | Cavalry Archer |
Build order — DK_Exmerior
First 150 of 507 actions detected
| 0:00 | Queue | Villager (Male) |
| 0:00 | Queue | Villager (Male) |
| 0:01 | Queue | Villager (Male) |
| 0:02 | Build | House |
| 0:03 | Build | House |
| 0:17 | Queue | Villager (Male) |
| 0:17 | Queue | Villager (Male) |
| 1:25 | Queue | Villager (Male) |
| 1:50 | Build | Lumber Camp |
| 1:50 | Queue | Villager (Male) |
| 2:22 | Queue | Villager (Male) |
| 2:22 | Queue | Villager (Male) |
| 2:51 | Queue | Villager (Male) |
| 2:51 | Queue | Villager (Male) |
| 3:03 | Queue | Villager (Male) |
| 3:38 | Queue | Villager (Male) |
| 3:50 | Build | House |
| 3:54 | Build | Mill |
| 4:02 | Build | Mill |
| 4:08 | Build | Mill |
| 4:09 | Queue | Villager (Male) |
| 4:31 | Queue | Villager (Male) |
| 4:31 | Queue | Villager (Male) |
| 5:14 | Queue | Villager (Male) |
| 5:31 | Queue | Villager (Male) |
| 5:32 | Research | Loom |
| 6:43 | Research | Feudal Age |
| 7:22 | Build | Barracks |
| 7:24 | Build | House |
| 8:25 | Queue | Villager (Male) |
| 8:53 | Age | Feudal Age |
| 8:55 | Build | Stable |
| 8:57 | Research | Double-Bit Axe |
| 9:08 | Queue | Spearman |
| 9:18 | Queue | Villager (Male) |
| 9:22 | Build | House |
| 9:23 | Build | Palisade Wall |
| 9:26 | Build | Palisade Wall |
| 9:29 | Queue | Villager (Male) |
| 9:40 | Queue | Villager (Male) |
| 9:46 | Queue | Spearman |
| 9:47 | Queue | Scout Cavalry |
| 9:52 | Build | House |
| 10:05 | Queue | Scout Cavalry |
| 10:09 | Queue | Villager (Male) |
| 10:12 | Build | Palisade Wall |
| 10:16 | Build | Palisade Gate |
| 10:19 | Queue | Villager (Male) |
| 10:45 | Queue | Villager (Male) |
| 10:48 | Research | Tech 1014 |
| 11:01 | Build | House |
| 11:15 | Queue | Scout Cavalry |
| 11:27 | Build | Blacksmith |
| 11:47 | Build | House |
| 11:49 | Queue | Villager (Male) |
| 12:08 | Build | Palisade Wall |
| 12:15 | Queue | Villager (Male) |
| 12:25 | Build | House |
| 12:33 | Build | Pasture |
| 12:35 | Build | Pasture |
| 12:42 | Queue | Villager (Male) |
| 12:46 | Build | Palisade Wall |
| 12:52 | Queue | Villager (Male) |
| 13:04 | Build | Pasture |
| 13:17 | Queue | Villager (Male) |
| 13:33 | Build | Pasture |
| 13:38 | Queue | Villager (Male) |
| 13:44 | Build | House |
| 13:44 | Build | House |
| 13:58 | Build | Lumber Camp |
| 14:09 | Build | Pasture |
| 14:13 | Queue | Villager (Male) |
| 14:33 | Build | Pasture |
| 14:47 | Queue | Scout Cavalry |
| 14:48 | Queue | Villager (Male) |
| 15:06 | Build | Mining Camp |
| 15:09 | Queue | Villager (Male) |
| 15:32 | Queue | Villager (Male) |
| 15:40 | Build | House |
| 15:43 | Queue | Villager (Male) |
| 15:48 | Build | Pasture |
| 16:14 | Research | Forging |
| 16:17 | Queue | Villager (Male) |
| 16:22 | Build | House |
| 16:24 | Build | House |
| 16:29 | Build | Pasture |
| 16:44 | Queue | Villager (Male) |
| 17:20 | Queue | Villager (Male) |
| 17:23 | Build | Pasture |
| 17:28 | Build | Pasture |
| 17:46 | Build | Outpost |
| 17:54 | Research | Castle Age |
| 17:54 | Research | Castle Age |
| 18:16 | Build | Lumber Camp |
| 18:22 | Research | Gold Mining |
| 18:41 | Build | Outpost |
| 18:51 | Research | Scale Barding Armor |
| 19:18 | Build | Stable |
| 19:21 | Build | House |
| 19:23 | Build | House |
| 19:35 | Build | Outpost |
| 19:56 | Queue | Scout Cavalry |
| 19:56 | Queue | Scout Cavalry |
| 20:22 | Queue | Scout Cavalry |
| 20:22 | Queue | Scout Cavalry |
| 20:34 | Age | Castle Age |
| 20:38 | Research | Chain Barding Armor |
| 20:39 | Research | Light Cavalry (upgrade) |
| 20:39 | Research | Husbandry |
| 20:52 | Queue | Villager (Male) |
| 20:52 | Research | Bow Saw |
| 21:04 | Build | Town Center |
| 21:08 | Queue | Villager (Male) |
| 21:22 | Build | House |
| 21:35 | Research | Iron Casting |
| 21:58 | Queue | Villager (Male) |
| 21:58 | Queue | Villager (Male) |
| 22:01 | Build | Mining Camp |
| 22:05 | Queue | Scout Cavalry |
| 22:10 | Build | Pasture |
| 22:13 | Build | Pasture |
| 22:14 | Queue | Villager (Male) |
| 22:15 | Queue | Villager (Male) |
| 22:38 | Queue | Scout Cavalry |
| 22:48 | Queue | Villager (Male) |
| 22:49 | Build | Pasture |
| 22:53 | Build | Pasture |
| 22:57 | Queue | Scout Cavalry |
| 23:16 | Queue | Villager (Male) |
| 23:24 | Build | Siege Workshop |
| 23:29 | Queue | Villager (Male) |
| 23:29 | Queue | Villager (Male) |
| 23:40 | Build | House |
| 23:47 | Queue | Scout Cavalry |
| 23:47 | Queue | Scout Cavalry |
| 23:53 | Queue | Villager (Male) |
| 23:53 | Queue | Villager (Male) |
| 23:55 | Queue | Scorpion |
| 24:02 | Build | Pasture |
| 24:09 | Queue | Villager (Male) |
| 24:09 | Queue | Villager (Male) |
| 24:19 | Queue | Scout Cavalry |
| 24:25 | Queue | Scorpion |
| 24:38 | Queue | Scorpion |
| 24:48 | Queue | Villager (Male) |
| 24:48 | Queue | Villager (Male) |
| 25:09 | Research | Tech 1013 |
| 25:12 | Queue | Villager (Male) |
| 25:12 | Queue | Villager (Male) |
| 25:22 | Build | Pasture |
Match timeline
| 6:59 | Patching85 · first_building Barracks |
| 7:22 | DK_Exmerior · first_building Barracks |
| 8:06 | Patching85 · age_up feudal |
| 8:08 | Patching85 · first_building Stable |
| 8:53 | DK_Exmerior · age_up feudal |
| 8:55 | DK_Exmerior · first_building Stable |
| 9:00 | Patching85 · wall_segment Palisade Wall x5 |
| 9:14 | Patching85 · wall_segment Palisade Wall x5 |
| 9:15 | Patching85 · wall_segment Palisade Wall x4 |
| 9:23 | DK_Exmerior · wall_segment Palisade Wall x1 |
| 9:26 | DK_Exmerior · wall_segment Palisade Wall x3 |
| 9:26 | Patching85 · wall_segment Palisade Wall x1 |
| 10:12 | DK_Exmerior · wall_segment Palisade Wall x7 |
| 10:42 | Patching85 · wall_segment Palisade Wall x11 |
| 10:43 | Patching85 · wall_segment Palisade Wall x1 |
| 11:06 | Patching85 · wall_segment Palisade Wall x1 |
| 11:08 | Patching85 · wall_segment Palisade Wall x6 |
| 12:08 | DK_Exmerior · wall_segment Palisade Wall x8 |
| 12:46 | DK_Exmerior · wall_segment Palisade Wall x9 |
| 12:48 | Patching85 · wall_segment Palisade Wall x14 |
| 14:41 | Patching85 · wall_segment Palisade Wall x1 |
| 16:42 | Patching85 · first_building Archery Range |
| 18:36 | Patching85 · age_up castle |
| 20:34 | DK_Exmerior · age_up castle |
| 23:24 | DK_Exmerior · first_building Siege Workshop |
| 29:08 | DK_Exmerior · first_building Archery Range |
| 30:53 | DK_Exmerior · wall_segment Stone Wall x9 |
| 32:44 | Patching85 · first_building Castle |
| 34:29 | Patching85 · first_market_sell 100 stone |
| 34:38 | DK_Exmerior · first_market_sell 100 food |
| 35:19 | DK_Exmerior · first_building Castle |
| 35:56 | Patching85 · first_building Monastery |
| 37:49 | DK_Exmerior · age_up imperial |
| 37:51 | Patching85 · first_market_buy 100 wood |
| 38:12 | Patching85 · age_up imperial |
| 45:03 | DK_Exmerior · first_market_buy 100 stone |
| 54:07 | DK_Exmerior · resign |
[ AI ANALYSIS · 1 CREDIT ]
What really happened in this match?
Wolo.gg analyzes every decision: build order, eco, micro, common mistakes by bracket. Personalized analysis on WhatsApp or Discord in 30 seconds.
Civ guide
Mongols
Perfil
Patching85